 Dungeon Crawl Stone Soup version 0.20.1-1-g8b1a95d (webtiles) character file.

1999 letownia2 the Reanimator (level 9, 62/75 HPs)
             Began as a Deep Dwarf Necromancer on Nov 13, 2017.
             Quit the game on level 6 of the Dungeon.
             The game lasted 00:18:05 (5114 turns).

letownia2 the Reanimator (Deep Dwarf Necromancer)   Turns: 5114, Time: 00:18:06

Health: 62/75      AC:  7    Str: 14    XL:     9   Next: 2%
Magic:  26/26      EV: 12    Int: 17    God:
Gold:   265        SH:  0    Dex: 13    Spells: 15/19 levels left

rFire    + . .     SeeInvis .   a - +1 hand axe (chop)
rCold    . . .     Gourm    .   (no shield)
rNeg     . . .     Faith    .   D - +2 leather armour {rF+}
rPois    .         Spirit   .   (no helmet)
rElec    .         Reflect  .   (no cloak)
rCorr    +         Harm     .   m - +1 pair of gloves
MR       +....                  (no boots)
Stlth    ++........             (no amulet)
Regen    0.0/turn               q - ring of magical power
MPRegen  0.2/turn               C - ring of resist corrosion

@: non-regenerating
A: damage resistance, heal wounds, sense surroundings 2, no regeneration
a: Heal Wounds


You were on level 6 of the Dungeon.
You were hungry.

You visited 1 branch of the dungeon, and saw 7 of its levels.

You collected 265 gold pieces.

Inventory:

Hand Weapons
 a - a +1 hand axe of chopping (weapon)
 b - a +0 hunting sling of flaming
 F - a +0 quarterstaff
 H - a +1 dagger of speed
Missiles
 t - 16 stones (quivered)
 y - 18 sling bullets
Armour
 g - a +0 ring mail
 m - a +1 pair of gloves (worn)
 u - a +0 scale mail
 D - a +2 leather armour of fire resistance (worn)
Jewellery
 q - a ring of magical power (left hand)
 C - a ring of resist corrosion (right hand)
Wands
 e - a wand of polymorph (8/24)
 E - a wand of polymorph (14/24)
 G - a wand of flame (0/48)
 K - a wand of random effects (31/48)
Scrolls
 h - 2 scrolls of identify
 o - a scroll of teleportation
 v - 2 scrolls of amnesia
 x - a scroll of remove curse
 J - 2 scrolls of magic mapping
Potions
 i - a potion of might
 k - 2 potions of ambrosia {unknown}
 p - a potion of heal wounds {unknown}
 w - a potion of invisibility {unknown}
 z - 3 potions of curing {unknown}
 A - a potion of lignification {unknown}
 B - a potion of flight {unknown}
 L - a potion of agility {unknown}
Books
 r - a book of Necromancy

   Spells                             Type                      Level
   a - Pain                           Necromancy                   1
   b - Animate Skeleton               Necromancy                   1
   c - Vampiric Draining              Necromancy                   3
   d - Regeneration                   Charms/Necromancy            3
   e - Animate Dead                   Necromancy                   4
   f - Control Undead                 Necromancy                   4
Comestibles
 c - 5 bread rations
 d - a royal jelly
 l - 2 fruits
 s - 4 meat rations
 I - 2 chunks of flesh


   Skills:
 - Level 3.1 Fighting
 + Level 2.4 Axes
 - Level 3.0 Armour
 - Level 2.1 Dodging
 - Level 2.4 Stealth
 + Level 5.9 Spellcasting
 - Level 9.7 Necromancy


You had 15 spell levels left.
You knew the following spells:

 Your Spells              Type           Power        Failure   Level  Hunger
a - Pain                  Necr           ####         1%          1    None
v - Vampiric Draining     Necr           #####.....   1%          3    ##.....


Dungeon Overview and Level Annotations

Branches:
Dungeon (7/15)
 Temple: D:4-7

Altars:
Ashenzari
Cheibriados
Dithmenos
Fedhas
Kikubaaqudgha
Makhleb
Nemelex Xobeh
Qazlal
Ru
Vehumet
Zin

Annotations:
D:2 2 exclusions
D:4 1 runed door
D:6 Ymberto's ghost, novice HuHu


Innate Abilities, Weirdness & Mutations

You are resistant to damage.
You can heal yourself by infusing magical energy.
You passively map the area around you.
You do not regenerate.


Message History

As you read the scroll labeled KUAM SOKIGI, it crumbles to dust.
It is a scroll of enchant armour.
Your +0 pair of gloves glows green for a moment.
Wear which item? (? for menu, Esc to quit)
You start removing your armour.
You continue taking off your +0 ring mail. x4
You finish taking off your +0 ring mail.
You start putting on your armour.
You continue putting on your dyed leather armour. x5
You finish putting on your +2 leather armour of fire resistance.
You feel resistant to fire.
As you read the scroll labeled YFACZUBRUC, it crumbles to dust.
You feel blessed for a moment.
It was a scroll of remove curse.
As you read the scroll labeled MAKLEM FAXKEIF, it crumbles to dust.
You feel aware of your surroundings.
It was a scroll of magic mapping.
Put on which piece of jewellery? (? for menu, Esc to quit)
Okay, then.
Inscribe which item? (? for menu, Esc to quit)
Okay, then.
Are you sure you want to abandon this character and quit the game? (Confirm with "yes".)

#######...........#
###_####...........'
#8...8####.........#
##....)## #..(......#
*8.....8* #.........#
*#.....####.........#
#8...8##...........#
##.....##.###########
#8..@..8#.# #
##.....##.# #
#8...8##.# #
###>####.# #
#######.# # ##......#
# ########


There were no monsters in sight!

Vanquished Creatures
  A sky beast (D:6)
  An orc warrior (D:6)
  An ice beast (D:6)
  2 ogres
  2 phantoms
  3 centaurs
  3 bullfrogs
  A scorpion (D:7)
  3 crimson imps
  A bullfrog zombie (D:5)
  A howler monkey (D:4)
  2 hounds
  2 jellies (D:5)
  A bullfrog skeleton (D:6)
  2 centaur skeletons
  An orc priest (D:6)
  4 orc wizards
  5 worker ants
  2 hound skeletons (D:6)
  A worker ant zombie (D:6)
  13 adders
  5 gnolls
  A dart slug (D:4)
  4 leopard geckos
  15 orcs
  5 giant cockroaches
  6 goblins
  A hobgoblin (D:6)
  8 jackals
  2 kobolds
  2 quokkas (D:2)
  A ball python (D:6)
  4 bats
  2 frilled lizards (D:2)
  A jackal skeleton (D:5)
  A quokka skeleton (D:6)
  3 rats
113 creatures vanquished.

Vanquished Creatures (others)
  2 withered plants (D:6)
2 creatures vanquished.

Grand Total: 115 creatures vanquished

Notes
Turn   | Place    | Note
-------+----------+-------------------------------------------
     0 | D:1      | letownia2 the Deep Dwarf Necromancer began the quest for the Orb.
     0 | D:1      | Reached XP level 1. HP: 15/15 MP: 3/3
   161 | D:2      | Found a glowing silver altar of Zin.
   324 | D:2      | Found a shadowy altar of Dithmenos.
   336 | D:2      | Reached XP level 2. HP: 11/22 MP: 0/5
   566 | D:2      | Reached skill level 5 in Necromancy
   566 | D:2      | Reached XP level 3. HP: 14/28 MP: 3/6
   571 | D:2      | Learned a level 3 spell: Vampiric Draining
   930 | D:3      | Reached XP level 4. HP: 26/36 MP: 0/8
  1615 | D:4      | Found a stormy altar of Qazlal.
  1653 | D:4      | Found a runed door.
  1761 | D:4      | Reached skill level 1 in Armour
  1865 | D:4      | Reached XP level 5. HP: 20/42 MP: 9/9
  2036 | D:4      | Found a blossoming altar of Fedhas.
  2041 | D:4      | Reached skill level 6 in Necromancy
  2077 | D:5      | Entered Level 5 of the Dungeon
  2243 | D:5      | Reached XP level 6. HP: 39/49 MP: 10/10
  2295 | D:5      | Reached skill level 1 in Fighting
  2345 | D:5      | Reached skill level 7 in Necromancy
  2497 | D:5      | Reached XP level 7. HP: 45/61 MP: 3/11
  3092 | D:6      | Found a snail-covered altar of Cheibriados.
  3176 | D:6      | Found a sacrificial altar of Ru.
  3377 | D:6      | Reached skill level 8 in Necromancy
  3455 | D:6      | Found a burning altar of Makhleb.
  3456 | D:6      | Found a radiant altar of Vehumet.
  3577 | D:6      | Noticed Ymberto's ghost (novice HuHu)
  3713 | D:6      | Reached XP level 8. HP: 47/69 MP: 13/14
  4063 | D:6      | Reached skill level 9 in Necromancy
  4219 | D:6      | Reached skill level 5 in Spellcasting
  4248 | D:6      | Found an ancient bone altar of Kikubaaqudgha.
  4715 | D:6      | Found a sparkling altar of Nemelex Xobeh.
  4753 | D:7      | Reached skill level 1 in Axes
  5066 | D:7      | Gained mutation: You passively map the area around you. [Deep Dwarf growth]
  5066 | D:7      | Reached XP level 9. HP: 57/75 MP: 17/17
  5097 | D:6      | Found a shattered altar of Ashenzari.
  5114 | D:6      | Quit the game

Skill      XL: |  1  2  3  4  5  6  7  8 |
---------------+-------------------------+-----
Spellcasting   | 2 3 4 5 |  5.9
Necromancy     | 5 6 7 8 9 |  9.7
Armour         | 1 3 |  3.0
Fighting       | 2 3 |  3.1
Axes           | 2 |  2.4
Dodging        | |  2.1
Stealth        | |  2.4

Action                   |  1- 3 |  4- 6 |  7- 9 || total
-------------------------+-------+-------+-------++-------
Melee: Unarmed           |     1 |       |       ||     1
       Quarterstaff      |       |    33 |   144 ||   177
       Dagger            |       |       |   143 ||   143
       Hand axe          |       |       |    39 ||    39
 Fire: Hunting sling     |    15 |    36 |    20 ||    71
Throw: Stone             |       |       |     2 ||     2
 Cast: Pain              |    28 |    29 |    30 ||    87
       Vampiric Draining |     4 |    26 |    66 ||    96
Evoke: Wand              |       |       |     1 ||     1
  Use: Scroll            |       |     4 |     5 ||     9
  Eat: Chunk             |     1 |     7 |    14 ||    22
Armor: Ring mail         |     7 |   138 |   152 ||   297
Dodge: Dodged            |    14 |   124 |   273 ||   411
